 Dungeon Crawl Stone Soup version 0.17-a0-1798-g879a7aa (webtiles) character file.

29 luca467 the Covered (level 3, 24/28 HPs)
             Began as a Demonspawn Wanderer on Sept 10, 2015.
             Quit the game on level 1 of the Dungeon.
             The game lasted 00:04:41 (1271 turns).

luca467 the Covered (Demonspawn Wanderer)           Turns: 1271, Time: 00:04:42

Health: 24/28      AC:  3    Str: 13    XL:     3   Next: 1%
Magic:  3/3        EV: 11    Int: 12    God:
Gold:   36         SH:  0    Dex: 13    Spells: 0 memorised, 2 levels left

rFire  . . .     SeeInvis .     q - +0 dagger
rCold  . . .     Clarity  .     m - +0 robe
rNeg   . . .     SustAt   .     (no shield)
rPois  .         Gourm    .     (no helmet)
rElec  .         Spirit   .     (no cloak)
rCorr  .         Warding  .     (no gloves)
rMut   .         Stasis   .     (no boots)
MR     .....                    (no amulet)
Stlth  +++.......               (no ring)
                                (no ring)

@: not resistant to hostile enchantments, fairly stealthy
A: molten scales 1, nightstalker 1
a: no special abilities


You were on level 1 of the Dungeon.
You were very hungry.

You visited 1 branch of the dungeon, and saw 1 of its levels.

You collected 36 gold pieces.

Inventory:

Hand weapons
 b - a +0 mace
 q - a +0 dagger (weapon)
Armour
 a - a +2 scale mail
 m - a +0 robe (worn)
Jewellery
 f - an uncursed ring of fire {unknown}
 j - an uncursed amulet of clarity {unknown}
Scrolls
 c - a scroll of teleportation
 i - a scroll of magic mapping {unknown}
 k - a scroll of recharging {unknown}
Potions
 g - a potion of heal wounds {unknown}
 h - a potion of invisibility {unknown}
 l - a potion of brilliance {unknown}
 n - a potion of curing {unknown}
 o - a potion of resistance {unknown}
 p - a potion of flight {unknown}
Comestibles
 d - a bread ration


   Skills:
 + Level 2.4 Fighting
 * Level 0.0 Short Blades
   Level 1.0(1.4) Axes
 - Level 1.5(1.7) Maces & Flails
 + Level 4.0 Armour
 + Level 1.0 Stealth
   Level 1.0 Shields


You had 2 spell levels left.
You didn't know any spells.

Dungeon Overview and Level Annotations

Branches:
Dungeon (1/15)

Altars:


Innate Abilities, Weirdness & Mutations

You are partially covered in molten scales (AC +1).
You are slightly more attuned to the shadows.


Message History

The giant cockroach is moderately wounded.
The giant cockroach closely misses you.
You closely miss the giant cockroach.
The giant cockroach is moderately wounded.
The giant cockroach bites you but does no damage.
You hit the giant cockroach.
The giant cockroach is heavily wounded.
The giant cockroach bites you. x2
You hit the giant cockroach.
The giant cockroach is severely wounded.
The giant cockroach misses you.
You hit the giant cockroach.
You kill the giant cockroach!
You have reached level 3!
Your experience leads to an increase in your attributes!
Increase (S)trength, (I)ntelligence, or (D)exterity?
You feel agile.
Your demonic ancestry asserts itself...
Molten scales grow over part of your body.
You see here a giant cockroach corpse.
Are you sure you want to abandon this character and quit the game? (Confirm with "yes".)

##.##.##.##....#.# #..#.#
##...............# #..#.#
##.#........#..#.# #..#.#
##.#........#..#.####..#.#
#.#...................#.#
#.#.....................#
#.#........#..#.####..#.#
#.#.......##..#.# #..#.#
##.#...........#@####..#.##
..........................#
..)...................÷...#
...........##..##.###..#.##
.......................#.#
##.#.....................#
...........(..............#
†...................#..#.##
........)...#.##..###..#.#


There were no monsters in sight!

Vanquished Creatures
  2 giant geckos (D:1)
  A giant cockroach (D:1)
  5 goblins (D:1)
  4 hobgoblins (D:1)
  A bat (D:1)
  A giant newt (D:1)
  7 jackals (D:1)
  A kobold (D:1)
  2 rats (D:1)
24 creatures vanquished.

Notes
Turn   | Place    | Note
--------------------------------------------------------------
     0 | D:1      | luca467 the Demonspawn Wanderer began the quest for the Orb.
     0 | D:1      | luca467 set off with: a +2 scale mail, a +0 mace, a scroll of teleportation, a bread ration
     0 | D:1      | Reached XP level 1. HP: 16/16 MP: 1/1
   340 | D:1      | Gained mutation: You are slightly more attuned to the shadows. [demonic ancestry]
   340 | D:1      | Reached XP level 2. HP: 22/22 MP: 2/2
   928 | D:1      | Reached skill level 4 in Armour
  1269 | D:1      | Gained mutation: You are partially covered in molten scales (AC +1). [demonic ancestry]
  1269 | D:1      | Reached XP level 3. HP: 24/28 MP: 3/3
  1271 | D:1      | Quit the game

Vault maps used:
D:1:      ncdulo_halloftheorcs

Action                   || total
-------------------------++-------
Melee: Mace              ||    73
       Dagger            ||     7
  Use: Scroll            ||     1
 Stab: Sleeping          ||     2
